 Dungeon Crawl Stone Soup version 0.29.1-1-gd02db6906a (webtiles) character file.

Game seed: 1717358103446036410

3999 Ashen the Chiller (level 10, 77/77 HPs)
             Began as a Demonspawn Ice Elementalist on Oct 21, 2022.
             Was a Believer of Vehumet.
             Got out of the dungeon alive.
             The game lasted 00:21:43 (9651 turns).

Ashen the Chiller (Demonspawn Ice Elementalist)     Turns: 9651, Time: 00:21:44

Health: 77/77      AC: 13    Str:  8    XL:     10   Next: 3%
Magic:  19/19      EV: 16    Int: 20    God:    Vehumet [**....]
Gold:   389        SH:  0    Dex: 21    Spells: 6/21 levels left

rFire   . . .      SeeInvis .   v - +4 dire flail
rCold   . . .      Faith    .   (shield currently unavailable)
rNeg    . . .      Spirit   .   A - +2 robe {Archmagi}
rPois   +          Reflect  .   l - +2 helmet
rElec   .          Harm     .   p - scarf {repulsion}
rCorr   .          Rampage  .   (no gloves)
Will    .....      Archmagi +   d - +2 pair of boots
Stlth   +++.......              (no amulet)
HPRegen 0.22/turn               x - +6 ring of dexterity
MPRegen 0.32/turn               C - ring of poison resistance

@: repel missiles
A: hooves 2, yellow scales 2, magic regeneration, demonic magic 1
a: Renounce Religion


You escaped.
You worshipped Vehumet.
Vehumet was pleased with you.
You visited 2 branches of the dungeon, and saw 8 of its levels.
You also visited: Sewer.

You collected 389 gold pieces.

Inventory:

Hand Weapons
 e - a +1 whip of electrocution
 n - a +5 dagger
 v - a +4 dire flail (weapon)
Armour
 d - a +2 pair of boots (worn)
 l - a +2 helmet (worn)
 p - a scarf of repulsion (worn)
 A - a +2 robe of the Archmagi (worn)
Jewellery
 x - a +6 ring of dexterity (left hand)
 C - a ring of poison resistance (right hand)
Scrolls
 b - 4 scrolls of enchant weapon {unknown}
 g - a scroll of blinking {unknown}
 h - 4 scrolls of teleportation {unknown}
 o - a scroll of immolation {unknown}
 q - a scroll of magic mapping {unknown}
 r - 4 scrolls of identify
 t - a scroll of vulnerability {unknown}
 w - a scroll of fog {unknown}
 y - 2 scrolls of enchant armour {unknown}
 D - a scroll of torment {unknown}
 F - a scroll of silence {unknown}
Potions
 a - a potion of flight
 c - a potion of haste
 f - 5 potions of heal wounds {unknown}
 i - a potion of ambrosia
 j - 3 potions of might
 k - 3 potions of degeneration {unknown}
 m - 6 potions of curing {unknown}
 s - 2 potions of resistance {unknown}
 u - a potion of berserk rage {unknown}
 z - a potion of invisibility
 B - a potion of attraction {unknown}
 E - 2 potions of cancellation {unknown}
 G - a potion of lignification {unknown}


   Skills:
 + Level 6.4 Fighting
 + Level 6.3 Dodging
 - Level 5.0 Stealth
 + Level 6.3 Spellcasting
 + Level 3.3 Conjurations
 + Level 7.1 Ice Magic


You had 6 spell levels left.
You knew the following spells:

 Your Spells              Type           Power      Damage    Failure   Level
a - Freeze                Ice            100%       1d11      1%          1
b - Frozen Ramparts       Ice            100%       1d16      1%          3
c - Ozocubu's Armour      Ice            51%        N/A       1%          3
d - Hailstorm             Conj/Ice       40%        3d10      12%         4
e - Summon Ice Beast      Ice/Summ       30%        N/A       24%         4

Your spell library contained the following spells:

 Spells                   Type           Power      Damage    Failure   Level
 Static Discharge         Conj/Air       19%        3-6/arc   8%          2
 Magic Dart               Conj           100%       1d8       2%          1
 Sting                    Tmut/Pois      36%        1d4       10%         1
 Call Imp                 Summ           9%         N/A       16%         2
 Poisonous Vapours        Pois/Air       18%        N/A       16%         2
 Mephitic Cloud           Conj/Pois/Air  16%        N/A       19%         3
 Ice Form                 Ice/Tmut       30%        N/A       24%         4
 Gell's Gravitas          Tloc           9%         N/A       30%         3
 Lesser Beckoning         Tloc           9%         N/A       30%         3
 Teleport Other           Tloc           9%         N/A       30%         3
 Fulminant Prism          Conj/Hex       9%         3d7       45%         4
 Iskenderun's Mystic Bla  Conj/Tloc      19%        2d6       45%         4
 Olgreb's Toxic Radiance  Pois           9%         N/A       69%         4
 Lee's Rapid Deconstruct  Erth           4%         3d6*      95%         5


Dungeon Overview and Level Annotations

Branches:
Dungeon (7/15)             Temple (1/1) D:5           Sewer (visited)

Altars:
Ashenzari
Cheibriados
Dithmenos
Fedhas
Gozag
Hepliaklqana
Kikubaaqudgha
Makhleb
Nemelex Xobeh
Okawaru
Ru
Trog
Uskayaw
Vehumet
Wu Jian
Xom
Yredelemnul

Annotations:
D:5 1 runed translucent door, Crazy Yiuf, Dowan


Innate Abilities, Weirdness & Mutations

You have hoof-like feet.
You are mostly covered in yellow scales. (AC +3)
You regenerate magic rapidly.
Spells you cast may paralyse adjacent enemies.


Message History

The helpless orc priest fails to defend itself.
You hit the orc priest.
You kill the orc priest!
Vehumet accepts your kill.
You feel your power returning.
The frozen ramparts melt away as you move.
You see here a +0 dagger.
Things that are here:
a +0 dagger; an orc corpse
Items here: )) [ ††.
Items here: )) [ †.
There is a stone staircase leading up here.
You climb upwards.
There is a stone staircase leading down here.
(D) Dungeon (T) Temple
Where to? (Enter - D:7 @ (x,y), ? - help)
What level of the Dungeon? (default 1, ? - help)
There is a stone staircase leading up here.
You climb upwards.
Level annotation: 1 runed translucent door, Crazy Yiuf, Dowan
There is a stone staircase leading down here.
There is a stone staircase leading up here.
You climb upwards.
There is a stone staircase leading down, spattered with blood here.
Items here: ) [[ ÷÷.
There is a stone staircase leading up here.
You climb upwards.
There is a stone staircase leading down here.
HP restored.
There is a stone staircase leading up here.
You climb upwards.
There is a stone staircase leading down here.
There is a stone staircase leading up here.
You climb upwards.
There is a stone staircase leading down here.
There is an open gate here.
There is an open door here.
There is a staircase leading out of the dungeon here.
Are you sure you want to leave the Dungeon?
This will make you lose the game!
You have escaped!

#...............♣##
#♣..♣.♣#'''#♣.♣....
♣.♣♣###...###♣♣...
♣♣♣ #.......# ♣♣♣.
####..8....####♣.
###..#.......#..###
#....'.8.....#....#
#....#...⌠...#....#
#.@..#.8.....'..⌠.#
#....#.......#....#
###################


There were no monsters in sight!

Vanquished Creatures
  Pikel (D:6)
  A troll (D:5)
  Prince Ribbit (D:5)
  Sigmund (D:6)
  Menkaure (D:5)
  A water moccasin (D:6)
  2 ice beasts
  2 sky beasts (D:6)
  3 centaurs
  3 lemures (D:6)
  2 kobold brigands (Sewer)
  2 necrophages
  2 bullfrogs
  A gnoll sergeant (D:5)
  4 scorpions
  9 wights
  A howler monkey (D:7)
  2 hounds
  A jelly (D:6)
  6 orc priests
  Jessica (D:3)
  4 iguanas
  5 orc wizards
  Robin (D:3)
  5 gnolls
  17 adders
  2 river rats (Sewer)
  A white imp (D:6)
  An ufetubus (D:5)
  4 worms
  A dart slug (D:4)
  33 orcs
  10 ball pythons
  3 endoplasms
  8 giant cockroaches
  14 goblins
  13 hobgoblins
  6 jackals
  15 kobolds
  7 quokkas
  7 bats
  4 frilled lizards
  3 rats
211 creatures vanquished.

Vanquished Creatures (others)
  A plant (D:4)
1 creature vanquished.

Grand Total: 212 creatures vanquished

Notes
Turn   | Place    | Note
-------+----------+-------------------------------------------
     0 | D:1      | Ashen the Demonspawn Ice Elementalist began the quest for
                  | the Orb.
     0 | D:1      | Reached XP level 1. HP: 13/13 MP: 3/3
   478 | D:1      | Gained mutation: You have large cloven feet. [demonic
                  | ancestry]
   478 | D:1      | Reached XP level 2. HP: 1/19 MP: 0/5
  1233 | D:1      | Reached XP level 3. HP: 24/25 MP: 3/6
  1886 | D:2      | Reached skill level 1 in Fighting
  2070 | D:2      | Found a blossoming altar of Fedhas.
  2349 | D:2      | Gained mutation: You have hoof-like feet. [demonic
                  | ancestry]
  2349 | D:2      | Reached XP level 4. HP: 27/32 MP: 4/7
  2489 | D:2      | Reached skill level 4 in Ice Magic
  3199 | D:2      | Learned a level 3 spell: Frozen Ramparts
  3205 | D:2      | Learned a level 3 spell: Ozocubu's Armour
  3396 | D:3      | Gained mutation: You are partially covered in yellow
                  | scales. (AC +2) [demonic ancestry]
  3396 | D:3      | Reached XP level 5. HP: 18/37 MP: 1/9
  3573 | D:3      | Found an ancient bone altar of Kikubaaqudgha.
  3574 | D:3      | Noticed Robin
  3860 | D:3      | Killed Robin
  4201 | D:3      | Noticed Jessica
  4211 | D:3      | Killed Jessica
  4212 | D:3      | Reached XP level 6. HP: 41/44 MP: 6/10
  4306 | D:3      | Found an opulent altar of Gozag.
  4320 | D:3      | Found a hide-covered altar of Uskayaw.
  4357 | D:3      | Noticed an ice beast
  4398 | D:3      | Killed an ice beast
  5072 | D:4      | Learned a level 4 spell: Hailstorm
  5305 | D:4      | Found a hazy altar of Hepliaklqana.
  5330 | D:4      | Gained mutation: You regenerate magic rapidly. [demonic
                  | ancestry]
  5330 | D:4      | Reached XP level 7. HP: 51/51 MP: 8/12
  5542 | D:5      | Entered Level 5 of the Dungeon
  5680 | D:5      | Noticed a troll
  5764 | D:5      | Reached skill level 5 in Ice Magic
  5989 | D:5      | Found a staircase to the Ecumenical Temple.
  6035 | Temple   | Entered the Ecumenical Temple
  6168 | Temple   | Became a worshipper of Vehumet
  6317 | D:5      | Noticed Prince Ribbit
  6332 | D:5      | Killed Prince Ribbit
  6333 | D:5      | Reached XP level 8. HP: 55/60 MP: 5/14
  6479 | D:5      | Found a runed translucent door.
  6480 | D:5      | Noticed Crazy Yiuf
  6859 | D:5      | Noticed Menkaure
  6871 | D:5      | Killed Menkaure
  6925 | D:5      | Reached skill level 5 in Stealth
  7318 | D:5      | Reached skill level 5 in Spellcasting
  7319 | D:5      | Reached skill level 5 in Dodging
  7537 | D:5      | Reached skill level 6 in Ice Magic
  7727 | D:5      | Noticed Dowan
  7916 | D:5      | Killed a troll
  7917 | D:5      | Reached skill level 5 in Fighting
  7917 | D:5      | Gained mutation: You are mostly covered in yellow scales.
                  | (AC +3) [demonic ancestry]
  7917 | D:5      | Reached XP level 9. HP: 59/68 MP: 3/16
  8235 | D:6      | Reached * piety under Vehumet
  8235 | D:6      | Offered knowledge of Shock by Vehumet.
  8241 | D:6      | Reached skill level 1 in Conjurations
  8247 | D:6      | Noticed Sigmund
  8350 | D:6      | Killed Sigmund
  8375 | D:6      | Noticed Pikel
  8385 | D:6      | Killed Pikel
  8532 | D:6      | Learned a level 4 spell: Summon Ice Beast
  8615 | D:6      | Found a glowing drain.
  8637 | Sewer    | Entered a sewer
  9213 | D:6      | Reached skill level 7 in Ice Magic
  9300 | D:6      | Offered knowledge of Static Discharge by Vehumet.
  9412 | D:6      | Reached ** piety under Vehumet
  9508 | D:7      | Gained mutation: Spells you cast may paralyse adjacent
                  | enemies. [demonic ancestry]
  9508 | D:7      | Reached XP level 10. HP: 76/77 MP: 19/19
  9651 | D:$      | Got out of the dungeon alive.

Illustrated notes

Levels and vault maps discovered:
D:1:      sevenhm_arrival_forest_fort_large_2, layout_loops_cross,
          serial_aquarium, aquarium_bridge_long_separate
          [aquarium_subvault_bridge, aquarium_subvault_window,
          aquarium_subvault_window, aquarium_subvault_balcony,
          aquarium_subvault_bridge, aquarium_subvault_wall], aquarium_window_2,
          aquarium_window_1, aquarium_view_2d, aquarium_balcony_1a,
          roderic_roman_lattice, minmay_worlds_worst_comb
D:2:      minmay_angry_zag, layout_loops_ring, basic_altar,
          kennysheep_generic_room_8
D:3:      layout_loops_cross, nicolae_kikubaaqudgha_miasma_corner, minitemple,
          minivault_26, kennysheep_jessica_study, uniq_robin
D:4:      layout_basic, lemuel_doored_altar, nicolae_hepliaklqana_hazy_memory
D:5:      layout_layer_cave, mainiacjoe_overflow_paths,
          minmay_temple_entry_mist, uniq_prince_ribbit1, uniq_duvessa,
          uniq_crazy_yiuf_cottage, uniq_menkaure
D:6:      layout_basic, portal_sewer_entry_f, uniq_pikel, uniq_sigmund
D:7:      layout_basic, grunt_ministairs_1
Temple:   eino_narrow_crystal_temple

Skill      XL: |  1  2  3  4  5  6  7  8  9 |
---------------+----------------------------+-----
Stealth        | 2 3 4 5 |  5.0
Dodging        | 2 3 4 5 6 |  6.3
Fighting       | 1 2 3 5 6 |  6.4
Ice Magic      | 4 5 6 7 |  7.1
Spellcasting   | 3 4 5 6 |  6.3
Conjurations   | 3 |  3.3

Action                   |  1- 3 |  4- 6 |  7- 9 | 10-12 || total
-------------------------+-------+-------+-------+-------++-------
Melee: Mace              |    52 |    68 |       |       ||   120
       Unarmed           |     1 |       |       |       ||     1
       Kick              |    14 |     2 |       |       ||    16
       Punch             |       |     2 |       |       ||     2
       Dagger            |       |    71 |    15 |       ||    86
       Dire flail        |       |       |   195 |     5 ||   200
 Cast: Freeze            |    51 |    72 |    51 |       ||   174
       Ozocubu's Armour  |       |     1 |    25 |       ||    26
       Frozen Ramparts   |       |       |    22 |     2 ||    24
       Summon Ice Beast  |       |       |     1 |       ||     1
       Hailstorm         |       |       |     1 |       ||     1
  Use: Potion            |     1 |     2 |       |       ||     3
       Scroll            |       |     4 |       |       ||     4
 Stab: Sleeping          |     3 |     7 |    11 |       ||    21
       Distracted        |       |       |     1 |       ||     1
       Paralysed         |       |       |       |     2 ||     2
Armor: Leather armour    |    37 |    72 |    68 |       ||   177
       Robe              |       |       |    36 |     2 ||    38
Dodge: Dodged            |    63 |   113 |   231 |     9 ||   416
